 Dungeon Crawl Stone Soup version 0.19.1 (webtiles) character file.

151 mmcf the Insei (level 5, -1/41 HPs)
             Began as a Draconian Transmuter on Dec 1, 2016.
             Was an Initiate of Okawaru.
             Slain by Pikel
             ... wielding a +1 whip of flaming
              (8 damage)
             ... on level 3 of the Dungeon.
             The game lasted 00:09:07 (4304 turns).

mmcf the Insei (Draconian Transmuter)               Turns: 4304, Time: 00:09:07

Health: -1/41      AC:  5    Str: 12    XL:     5   Next: 10%
Magic:  6/8        EV: 12    Int: 14    God:    Okawaru [......]
Gold:   76         SH:  0    Dex: 12    Spells: 2 memorised, 5 levels left

rFire  . . .     SeeInvis .       - Unarmed
rCold  . . .     Gourm    .     (armour unavailable)
rNeg   . . .     Faith    .     (no shield)
rPois  .         Spirit   .     (helmet restricted)
rElec  .         Reflect  .     (no cloak)
rCorr  .         Harm     .     (no gloves)
MR     +....                    (no boots)
Stlth  +.........               (no amulet)
                                (no ring)
                                h - ring of protection from magic

@: no status effects
A: unfitting armour, cold-blooded, AC +5
a: Renounce Religion


You were on level 3 of the Dungeon.
You worshipped Okawaru.
Okawaru was noncommittal.
You were hungry.

You visited 1 branch of the dungeon, and saw 4 of its levels.

You collected 76 gold pieces.

Inventory:

Hand Weapons
 a - a -3 hunting sling
 v - a +0 flail
Missiles
 i - 66 stones
 o - 7 arrows
 x - 2 tomahawks (quivered)
Jewellery
 h - a ring of protection from magic (left hand)
 y - an uncursed ring of see invisible {unknown}
Scrolls
 d - a scroll of blinking
 e - 2 scrolls of amnesia {unknown}
 g - 2 scrolls of random uselessness {unknown}
 s - a scroll of enchant armour {unknown}
 u - 2 scrolls of identify
 z - a scroll of teleportation
 A - 3 scrolls of remove curse
Potions
 j - a potion of lignification
 k - a potion of cancellation
 l - 3 potions of degeneration
 m - a potion of ambrosia
 r - a potion of haste {unknown}
 t - a potion of invisibility {unknown}
 w - a potion of berserk rage {unknown}
Books
 b - a book of Changes

   Spells                             Type                      Level
   a - Beastly Appendage              Transmutation                1
   b - Sticks to Snakes               Transmutation                2
   c - Spider Form                    Transmutation/Poison         3
   d - Ice Form                       Ice/Transmutation            4
   e - Blade Hands                    Transmutation                5
Comestibles
 c - 3 bread rations
 f - 3 meat rations
 p - a slice of pizza
 q - a beef jerky


   Skills:
 + Level 1.9 Fighting
 - Level 2.0 Dodging
 - Level 5.0 Unarmed Combat
 - Level 2.0 Spellcasting
 + Level 3.0 Transmutations


You had 5 spell levels left.
You knew the following spells:

 Your Spells              Type           Power        Failure   Level  Hunger
a - Beastly Appendage     Tmut           #.....       10%         1    ##.....
b - Sticks to Snakes      Tmut           #.......     12%         2    ###....


Dungeon Overview and Level Annotations

Branches:
Dungeon (4/15)
 Temple: D:4-7

Altars:
Okawaru
Yredelemnul

Annotations:
D:3 Pikel; feelmyfire's ghost, amateur HOMo
D:4 Robin


Innate Abilities, Weirdness & Mutations

Your plain brown scales are hard. (AC +5)
You cannot fit into any form of body armour.
You are cold-blooded and may be slowed by cold attacks.


Message History

You closely miss Pikel. Your kick misses Pikel.
Pikel is heavily wounded.
Pikel barely misses you.
You closely miss Pikel.
Pikel is heavily wounded.
Pikel closely misses you.
You hit Pikel but do no damage. You claw Pikel, but do no damage.
Pikel is heavily wounded.
Your talons disappear.
Pikel hits you with a whip of flaming!
* * * LOW HITPOINT WARNING * * *
Pikel burns you.
* * * LOW HITPOINT WARNING * * *
Casting: Beastly Appendage
Confirm with . or Enter, or press ? or * to list all spells.
You create a snake!
You now have 7 arrows.
You are feeling hungry.
Pikel completely misses you. Pikel hits you with a whip of flaming!
You die...

####.##########+##
#............# #
#.##.###.###.# .# #
#.# #.# %##.##
#.###.# .#...
#.....## ...
.##.##...##.#
#.......SK...##.###
#######.@>)........
#############


You could see Pikel and a friendly ball python.

Vanquished Creatures
  2 slaves
  3 adders (D:2)
  2 gnolls (D:3)
  An ooze (D:2)
  2 worms (D:2)
  2 dart slugs (D:1)
  2 leopard geckos
  3 orcs (D:3)
  11 bats
  4 giant cockroaches
  11 goblins
  14 hobgoblins
  7 jackals (D:2)
  8 frilled lizards
  6 kobolds
  9 rats
87 creatures vanquished.

Vanquished Creatures (collateral kills)
  An orc (D:3)
1 creature vanquished.

Vanquished Creatures (others)
  A fungus (D:1)
1 creature vanquished.

Grand Total: 89 creatures vanquished

Notes
Turn   | Place    | Note
-------+----------+-------------------------------------------
     0 | D:1      | mmcf the Draconian Transmuter began the quest for the Orb.
     0 | D:1      | Reached XP level 1. HP: 16/16 MP: 3/3
   410 | D:2      | Reached XP level 2. HP: 23/23 MP: 3/5
   430 | D:1      | Learned a level 2 spell: Sticks to Snakes
   554 | D:1      | Reached skill level 4 in Unarmed Combat
   871 | D:1      | Reached XP level 3. HP: 24/28 MP: 6/6
  1427 | D:2      | Reached XP level 4. HP: 31/35 MP: 7/7
  1485 | D:2      | Reached skill level 5 in Unarmed Combat
  2813 | D:3      | Found an iron altar of Okawaru.
  2819 | D:3      | Became a worshipper of Warmaster Okawaru
  3001 | D:3      | Found a basalt altar of Yredelemnul.
  3009 | D:3      | Noticed feelmyfire's ghost (amateur HOMo)
  3552 | D:4      | Noticed Robin
  3598 | D:4      | Noticed a slave
  3629 | D:4      | Killed a slave
  3994 | D:4      | Noticed a slave
  3994 | D:4      | Noticed a slave
  3995 | D:4      | Noticed Pikel
  4004 | D:4      | Noticed a slave
  4018 | D:3      | Killed a slave
  4260 | D:3      | Reached XP level 5. HP: 41/41 MP: 8/8
  4304 | D:3      | Slain by Pikel

Skill      XL: |  1  2  3  4 |
---------------+-------------+-----
Unarmed Combat | 4 5 |  5.0
Dodging        | 2 |  2.0
Transmutations | 3 |  3.0
Fighting       | |  1.9
Spellcasting   | |  2.0

Action                   |  1- 3 |  4- 6 || total
-------------------------+-------+-------++-------
Melee: Unarmed           |   135 |   194 ||   329
       Tailslap          |    12 |    17 ||    29
       Punch             |     1 |     2 ||     3
       Kick              |     3 |    10 ||    13
       Headbutt          |       |     3 ||     3
 Cast: Beastly Appendage |     2 |    10 ||    12
       Sticks to Snakes  |       |     5 ||     5
  Use: Scroll            |     8 |       ||     8
 Stab: Sleeping          |     1 |       ||     1
  Eat: Chunk             |     2 |     9 ||    11
Armor: Skin              |    44 |    49 ||    93
Dodge: Dodged            |    90 |    98 ||   188
